 Dungeon Crawl Stone Soup version 0.30-a0-722-g3e6e8c874d (webtiles) character file.

Game seed: 8104493987067662219

291828 KennySheep the Peltast (level 21, 0/156 HPs)
             Began as a Formicid Fighter on Jan 24, 2023.
             Was the Champion of Hepliaklqana.
             Slain by a rakshasa
             ... wielding a +1 trident of venom
              (10 damage)
             ... in a wizard's laboratory on Jan 28, 2023.
             The game lasted 02:01:00 (41184 turns).

KennySheep the Peltast (Formicid Fighter)          Turns: 41184, Time: 02:01:01

Health: 0/156      AC: 17    Str: 32    XL:     21   Next: 67%
Magic:  0/27       EV: 18    Int:  8    God:    Hepliaklqana [******]
Gold:   468        SH: 26    Dex: 16    Spells: 20/20 levels left

rFire   + + +      SeeInvis +    a - +7 lajatang of Order {silver, rMut}
rCold   + + +      Faith    .    n - +2 shield of Resistance {rF++ rC++ Will++}
rNeg    + . .      Spirit   +    W - +1 chain mail {rPois}
rPois   +          Reflect  .    (helmet unavailable)
rElec   +          Harm     .    e - scarf {rC+ rF+}
rCorr   .          Rampage  .    L - +0 pair of gloves of Paocaovi {Contam rElec rN+ Dex+3}
rMut    +                        (no boots)
Will    ++++.                    I - brooch of Shielding {Spirit SH+8} Stlth
                                 S - +4 ring of slaying
HPRegen 0.46/turn                B - +5 ring of evasion
MPRegen 0.20/turn

@: lethally poisoned (0 -> -6), studying Long Blades
A: reduced essence, permanent stasis, dig shafts and tunnels, antennae 3, four
strong arms
}: 2/15 runes: barnacled, abyssal
a: Dig, Renounce Religion, Recall Ancestor, Ancestor Identity, Transference,
Idealise


You were in a wizard's laboratory.
You worshipped Hepliaklqana.
Hepliaklqana was exalted by your worship.
You visited 7 branches of the dungeon, and saw 34 of its levels.
You visited the Abyss 1 time.
You also visited: Wizlab.

You collected 4497 gold pieces.
You spent 4029 gold pieces at shops.

Inventory:

Hand Weapons
 a - the +7 lajatang of Order (weapon) {silver, rMut}
   (You bought it in a shop on level 1 of the Dungeon)

   rMut:      It protects you from mutation.
Missiles
 b - 6 silver javelins
 i - 113 stones
 j - 4 javelins
 k - 3 boomerangs of dispersal
 m - 6 curare-tipped darts
 D - 2 throwing nets
 N - 22 boomerangs (quivered)
Armour
 e - a scarf of resistance (worn)
 n - the +2 shield of Resistance (worn) {rF++ rC++ Will++}
   (You bought it in a shop on level 4 of the Dungeon)

   rF:        It greatly protects you from fire.
   rC:        It greatly protects you from cold.
   Will:      It greatly increases your willpower.
 L - the +0 pair of gloves of Paocaovi (worn) {Contam rElec rN+ Dex+3}
   (You found it on level 2 of the Elven Halls)

   Dex:       It affects your dexterity (+3).
   rElec:     It insulates you from electricity.
   rN:        It protects you from negative energy.
   Contam:    It causes magical contamination when unequipped.
 W - a +1 chain mail of poison resistance (worn)
Jewellery
 h - a ring of protection from fire
 B - a +5 ring of evasion (right hand)
 I - the brooch of Shielding (around neck) {Spirit SH+8}
   (You bought it in a shop on level 2 of the Snake Pit)

   [amulet of guardian spirit]

   It causes incoming damage to be divided between your reserves of health and
   magic.
   SH:        It affects your SH (+8).
 Q - a ring of willpower
 S - a +4 ring of slaying (left hand)
 V - the ring "Hoschala" {rElec rC+ Str+2}
   (You found it on level 3 of the Elven Halls)

   [ring of protection from cold]

   Str:       It affects your strength (+2).
   rC:        It protects you from cold.
   rElec:     It insulates you from electricity.
Wands
 u - a wand of polymorph (5)
 y - a wand of mindburst (34)
 H - a wand of roots (33)
 J - a wand of flame (12)
 O - a wand of paralysis (19)
 P - a wand of digging (5)
 Z - a wand of quicksilver (6)
Scrolls
 c - a scroll of brand weapon
 p - 8 scrolls of fog
 q - 4 scrolls of silence
 r - 6 scrolls of poison
 t - a scroll of enchant armour
 v - 3 scrolls of magic mapping
 K - 5 scrolls of enchant weapon
 M - 6 scrolls of amnesia
 Y - 16 scrolls of identify
Potions
 d - 6 potions of might
 f - 5 potions of heal wounds
 g - 5 potions of attraction
 o - 7 potions of curing
 x - 9 potions of lignification
 A - 5 potions of brilliance
 E - 4 potions of mutation
 F - 2 potions of magic
 G - 3 potions of cancellation
 R - 3 potions of flight
 X - a potion of resistance


   Skills:
 + Level 17.3 Fighting
 - Level 2.6(10.4) Maces & Flails
 - Level 15.4(15.5) Staves
 * Level 18.1 Throwing
 + Level 17.5 Armour
 - Level 8.2 Dodging
 + Level 20.3 Shields
 - Level 8.0 Invocations


You had 20 spell levels left.
You didn't know any spells.
Your spell library contained the following spells:

 Spells                   Type           Power      Damage    Failure   Level
 Foxfire                  Conj/Fire      0%         2x1d4     83%         1
 Magic Dart               Conj           0%         1d3       83%         1
 Necrotise                Necr           0%         1d4       83%         1
 Slow                     Hex            0%         N/A       83%         1
 Sting                    Tmut/Pois      0%         1d3       83%         1
 Summon Small Mammal      Summ           0%         N/A       83%         1
 Call Imp                 Summ           0%         N/A       93%         2
 Cigotuvi's Dreadful Rot  Necr/Pois/Air  0%         N/A       93%         2
 Ensorcelled Hibernation  Hex/Ice        0%         N/A       93%         2
 Passwall                 Tmut/Erth      0%         N/A       93%         2
 Poisonous Vapours        Pois/Air       0%         N/A       93%         2
 Searing Ray              Conj           0%         2d4       93%         2
 Static Discharge         Conj/Air       0%         2-2/arc   93%         2
 Call Canine Familiar     Summ           0%         N/A       99%         3
 Confusing Touch          Hex            0%         N/A       99%         3
 Hailstorm                Conj/Ice       0%         3d3       99%         3
 Ignite Poison            Fire/Tmut/Pois 0%         N/A       99%         3
 Mephitic Cloud           Conj/Pois/Air  0%         N/A       99%         3
 Portal Projectile        Hex/Tloc       0%         N/A       99%         3
 Spider Form              Tmut/Pois      0%         N/A       99%         3
 Vampiric Draining        Necr           0%         2d6       99%         3
 Vhi's Electric Charge    Tloc/Air       0%         N/A       99%         3
 Anguish                  Hex/Necr       0%         N/A       100%        4
 Fulminant Prism          Conj/Hex       0%         3d5       100%        4
 Ice Form                 Ice/Tmut       0%         N/A       100%        4
 Leda's Liquefaction      Hex/Erth       0%         N/A       100%        4
 Sticky Flame             Conj/Fire      0%         2d3       100%        4
 Agony                    Necr           0%         N/A       100%        5
 Alistair's Intoxication  Tmut/Pois      0%         N/A       100%        5
 Arcjolt                  Conj/Air       0%         1d10      100%        5
 Borgnjor's Vile Clutch   Necr/Erth      0%         N/A       100%        5
 Fireball                 Conj/Fire      0%         3d3       100%        5
 Iskenderun's Battlesphe  Conj           0%         2d6       100%        5
 Lee's Rapid Deconstruct  Erth           0%         3d4*      100%        5
 Lightning Bolt           Conj/Air       0%         1d11      100%        5
 Summon Forest            Summ/Tloc      0%         N/A       100%        5
 Eringya's Noxious Bog    Tmut/Pois      0%         N/A       100%        6
 Iron Shot                Conj/Erth      0%         9d1       100%        6
 Simulacrum               Ice/Necr       0%         N/A       100%        6
 Starburst                Conj/Fire      0%         6d3       100%        6
 Statue Form              Tmut/Erth      0%         N/A       100%        6
 Dragon Form              Tmut           0%         N/A       100%        7
 Spellforged Servitor     Conj/Summ      0%         N/A       100%        7
 Storm Form               Tmut/Air       0%         N/A       100%        7
 Summon Hydra             Summ           0%         N/A       100%        7
 Ignition                 Fire           0%         3d3       100%        8
 Summon Horrible Things   Summ           0%         N/A       100%        8
 Swiftness                Air            Unusable   N/A       N/A         3

Dungeon Overview and Level Annotations

Branches:
Dungeon (15/15)            Temple (0/1) D:7            Lair (5/5) D:11
 Shoals (4/4) Lair:3        Snake (4/4) Lair:3        Slime (0/5) Lair:4
    Orc (2/2) D:10            Elf (3/3) Orc:2        Vaults (1/5) D:14
 Depths (0/4) D:15         WizLab (1/1)

Altars:
Cheibriados
Dithmenos
Fedhas
Gozag
Hepliaklqana
Sif Muna
Trog
Uskayaw
Wu Jian
Yredelemnul
Zin
Lugonu

Shops:
D:1 (   D:3 (   D:4 :*[*   D:15 =   Orc:2 =*=*   Shoals:4 *   Snake:2 =*?
Vaults:1 *

Portals:
Abyss: Lair:5

Annotations:
D:11 3 runed translucent doors, Newt's ghost, novice DsGl
Orc:1 2 runed translucent doors, sirJeffrey23's ghost, journeyman DrEE
Elf:1 3 runed translucent doors, Myfaogiy's ghost, adept MiFi
Elf:3 1 exclusion


Innate Abilities, Weirdness & Mutations

Your life essence is reduced to manifest your ancestor. (-10% HP)
You cannot be hasted, slowed, berserked, paralysed or teleported.
You can dig through walls and to a lower floor.
You have a pair of large antennae on your head. (SInv)
Your four strong arms can wield two-handed weapons with a shield.


Message History

The rakshasa hits you from afar with a +1 trident of venom.
You are more poisoned.
The rakshasa completely misses you.
You completely miss the rakshasa.
The rakshasa is heavily wounded.
You feel very sick. The +5 halberd of protection hits you!
You block the +5 halberd of protection's attack.
You slash the rakshasa!
The rakshasa is almost dead.
You feel sick.
You block the +5 halberd of protection's attack.
The +5 halberd of protection hits you.
* * * LOW HITPOINT WARNING * * *
The rakshasa blinks!
You block the rakshasa's attack. The rakshasa barely misses you.
The +5 halberd of protection hits you!
* * * LOW HITPOINT WARNING * * *
The +5 halberd of protection hits you!
* * * LOW HITPOINT WARNING * * *
You miss the rakshasa.
The rakshasa is almost dead.
You feel sick.
The rakshasa blinks!
The rakshasa weaves an illusion.
The +5 halberd of protection shimmers and seems to become two!
The rakshasa misses you.
You block the +5 halberd of protection's attack. x2
You feel much better.
You feel very sick.
You block the +5 halberd of protection's attack.
The +5 halberd of protection misses you.
The +5 halberd of protection hits you!
* * * LOW HITPOINT WARNING * * *
The +5 halberd of protection hits you from afar!
* * * LOW HITPOINT WARNING * * *
The rakshasa hits you with a +1 trident of venom!
* * * LOW HITPOINT WARNING * * *
You block the rakshasa's attack. The rakshasa attacks as you move away!
The rakshasa hits you with a +1 trident of venom!
You die...

##.....###...##
##...## {
##...## {
##...## {
##...## ##...##
{ #).## ##)'##
##(@### ##(RR##
###(.## {
##..R##
##..#..## {
###.....##
#...##..##
(....##...##
...##.....###


You could see 3 rakshasas and 3 dancing weapons.

Vanquished Creatures
  A profane servitor (Abyss:3)
  Nikola (Shoals:4)
  A Hell Sentinel (Abyss:3)
  Asterion (Elf:2)
  Polyphemus (Shoals:2)
  3 tentacled starspawn (Abyss:3)
  Gastronok (Lair:1)
  A tengu reaver (Abyss:3)
  A nagaraja (Snake:4)
  Roxanne (D:14)
  3 deep elf sorcerers
  2 vault wardens (Vaults:1)
  Aizul (Snake:3)
  An angel (Abyss:3)
  A war gargoyle (Vaults:1)
  A cacodemon (Abyss:3)
  3 very ugly things (Abyss:3)
  A dire elephant (Abyss:3)
  An ironbound thunderhulk (Vaults:1)
  A deep elf annihilator (Elf:2)
  4 starcursed masses (Abyss:3)
  Snorg (D:14)
  3 merfolk impalers
  A blizzard demon (Abyss:3)
  A crystal guardian (Abyss:3)
  3 merfolk javelineers
  A yaktaur captain (Vaults:1)
  2 deep elf high priests (Elf:3)
  2 fire dragons
  11 vault guards
  3 salamander tyrants (Snake:4)
  2 great orbs of eyes (Abyss:3)
  3 catoblepae
  8 anacondas
  2 merfolk avatars
  5 rakshasas
  A peacekeeper (Vaults:1)
  2 hydras
  Erica (Lair:1)
  An ironbound frostheart (Vaults:1)
  An ogre mage (Orc:2)
  2 boulder beetles
  3 alligator snapping turtles
  11 two-headed ogres
  3 centaur warriors
  24 dancing weapons
  A hell hog (Abyss:3)
  14 naga warriors
  A merfolk aquamancer (Shoals:4)
  6 satyrs
  6 naga sharpshooters
  11 death yaks
  2 tengu warriors
  7 thrashing horrors
  13 deep elf knights
  9 shock serpents
  9 skeletal warriors
  A sixfirhy (Abyss:3)
  3 salamander mystics
  2 spatial maelstroms (Abyss:3)
  3 wretched stars (Abyss:3)
  Amaemon (Lair:1)
  8 sea snakes
  3 deep elf archers
  A glowing orange brain (Vaults:1)
  2 deep trolls
  4 orc knights
  A lindwurm (Lair:5)
  A harpy (shapeshifter) (D:15)
  4 naga ritualists
  2 necromancers
  3 wizards (D:15)
  9 harpies
  13 deep elf pyromancers
  25 deep elf zephyrmancers
  2 orc sorcerers
  15 salamanders
  8 mana vipers
  27 fauns
  4 cyclopes
  4 worldbinders (Abyss:3)
  17 ugly things
  8 manticores
  4 elephants (Lair:5)
  3 vault sentinels (Vaults:1)
  23 black mambas
  2 water nymphs
  4 guardian serpents
  10 merfolk sirens
  An orange demon (Lair:1)
  2 centaur zombies (D:15)
  A demonic crawler (Abyss:1)
  3 apocalypse crabs
  8 smoke demons
  An efreet (D:15)
  15 cane toads
  10 naga magi
  An unseen horror (shapeshifter) (D:13)
  Maggie (Lair:1)
  A hellion (Abyss:3)
  3 rime drakes
  2 freezing wraiths
  11 komodo dragons
  7 ancient zymes
  11 trolls
  20 merfolk
  2 polar bears
  4 meliai
  A tarantella (shapeshifter) (D:13)
  3 wind drakes
  3 raiju (Abyss:3)
  31 blink frogs
  A meliai zombie (D:15)
  A hornet (D:9)
  13 slime creatures
  2 hexers (Elf:2)
  3 snapping turtles
  3 wraiths
  15 large abominations
  17 small abominations
  A spriggan (shapeshifter) (Elf:1)
  4 water elementals
  4 ynoxinuls
  6 spriggans (Lair:5)
  An air elemental (Elf:2)
  22 yaks
  4 basilisks
  A fire bat (Abyss:3)
  3 wyverns
  A steam dragon (D:7)
  7 vampire mosquitoes
  4 chaos spawn
  5 spatial vortices (Abyss:3)
  3 neqoxecs (Abyss:3)
  6 wargs
  44 nagas
  2 acid dragons
  12 water moccasins
  3 hell hounds (Abyss:3)
  2 ice beasts
  18 orc warriors
  A sky beast (Abyss:3)
  15 ogres
  A black bear (Lair:1)
  4 centaurs
  30 wolves
  2 phantoms
  A kobold brigand (D:11)
  8 bullfrogs
  A gnoll sergeant (D:8)
  A necrophage (D:7)
  3 wyvern zombies (D:6)
  An earth elemental (Elf:2)
  2 scorpions
  15 wights
  A human simulacrum (Vaults:1)
  17 killer bees
  7 howler monkeys
  2 quasits (Abyss:1)
  A hound (D:6)
  2 iron imps (Abyss:3)
  4 jellies
  20 orc priests
  2 iguanas
  A gnoll bouda (D:7)
  20 orc wizards
  A killer bee zombie (D:6)
  5 adders
  12 gnolls
  A shadow imp (D:8)
  4 white imps
  An ufetubus (Abyss:1)
  3 worms
  3 dart slugs (D:1)
  42 orcs
  4 endoplasms
  3 giant cockroaches
  2 goblins (D:2)
  6 hobgoblins
  4 jackals
  2 quokkas (D:1)
  3 ball pythons
  6 bats
  5 frilled lizards
  12 kobolds
  5 rats
  A lurking horror (Abyss:3)
  2 starspawn tentacles (Abyss:3)
1063 creatures vanquished.

Vanquished Creatures (collateral kills)
  A tengu reaver (Abyss:3)
  A very ugly thing (Abyss:3)
  A deep elf demonologist (Elf:1)
  2 merfolk javelineers (Shoals:4)
  A rakshasa (WizLab)
  A hydra (Lair:5)
  A boulder beetle (Lair:4)
  An ogre mage (Orc:2)
  An ironbound frostheart (Vaults:1)
  2 merfolk aquamancers (Shoals:4)
  An anaconda (Snake:4)
  2 naga warriors (Snake:3)
  2 dancing weapons
  A merfolk avatar (Shoals:4)
  A two-headed ogre (D:9)
  2 deep elf knights (Elf:2)
  2 wretched stars (Abyss:3)
  3 sea snakes
  A wizard (D:15)
  Pikel (D:4)
  A deep elf pyromancer (Elf:3)
  A naga ritualist (Snake:4)
  4 harpies
  5 deep elf zephyrmancers
  2 manticores (Shoals:4)
  3 mana vipers
  10 fauns
  2 salamanders (Snake:4)
  2 merfolk sirens
  2 elephants (Lair:5)
  A guardian serpent (Snake:4)
  A black mamba (Snake:1)
  A water nymph (Shoals:4)
  5 naga magi
  A smoke demon (Lair:5)
  An unseen horror (Abyss:3)
  10 merfolk
  A troll (Orc:2)
  A large abomination (Abyss:3)
  A meliai (shapeshifter) (Lair:5)
  Prince Ribbit (D:5)
  4 blink frogs (Lair:5)
  A snapping turtle (Shoals:2)
  A spriggan (Lair:5)
  A water elemental (Shoals:1)
  2 yaks (Lair:2)
  2 basilisks (Lair:5)
  6 nagas
  A water moccasin (D:6)
  2 ice beasts
  2 orc warriors (Orc:2)
  6 ogres
  6 wolves (Lair:4)
  A centaur (D:6)
  An elf simulacrum (Vaults:1)
  A small abomination (Lair:5)
  A necrophage (D:3)
  A human skeleton (Vaults:1)
  2 water moccasin zombies (D:6)
  3 wights (D:7)
  A killer bee (D:8)
  A crimson imp (D:4)
  3 hounds
  2 orc priests (D:3)
  2 gnoll boudas
  3 jellies (D:5)
  An iguana (D:3)
  5 orc wizards
  5 gnolls
  2 adders
  2 white imps
  An ufetubus (Abyss:3)
  20 orcs
  An endoplasm (D:1)
  A giant cockroach (D:1)
  A goblin (D:1)
  A quokka (D:3)
  A lurking horror (Abyss:3)
181 creatures vanquished.

Vanquished Creatures (others)
  A merfolk aquamancer (Shoals:4)
  A naga warrior (Snake:4)
  27 hexers
  11 fungi
  A lurking horror (Abyss:3)
  250 plants
  5 starspawn tentacles (Abyss:3)
296 creatures vanquished.

Grand Total: 1540 creatures vanquished

Notes
Turn   | Place    | Note
-------+----------+-------------------------------------------
     0 | D:1      | KennySheep the Formicid Fighter began the quest for the
                  | Orb.
     0 | D:1      | Reached XP level 1. HP: 18/18 MP: 1/1
    57 | D:1      | Reached XP level 2. HP: 23/24 MP: 2/2
   202 | D:1      | Found a faded altar of an unknown god.
   221 | D:1      | Prayed at the altar of an unknown god.
   221 | D:1      | Became a worshipper of Hepliaklqana the Forgotten
   221 | D:1      | Reached * piety under Hepliaklqana
   259 | D:1      | Reached XP level 3. HP: 24/26 MP: 3/3
   297 | D:1      | Found Mufec's Weapon Shop.
   655 | D:2      | Reached skill level 1 in Staves
   732 | D:2      | Reached XP level 4. HP: 22/33 MP: 4/4
  1018 | D:2      | Reached XP level 5. HP: 35/37 MP: 5/5
  1431 | D:3      | Reached ** piety under Hepliaklqana
  1439 | D:3      | Remembered your ancestor Megabus as a hexer
  1486 | D:3      | Reached skill level 5 in Shields
  1525 | D:3      | Found Dias's Antique Weapon Shoppe.
  1566 | D:3      | Reached XP level 6. HP: 35/43 MP: 6/6
  2301 | D:4      | Found Den Yky's Assorted Antiques.
  2304 | D:4      | Found Imogren's General Store.
  2310 | D:4      | Found Lankawko's Armour Boutique.
  2326 | D:4      | Reached XP level 7. HP: 41/49 MP: 7/7
  2326 | D:4      | Found Kuwkurysch's Book Boutique.
  2492 | D:4      | Noticed Pikel
  2501 | D:4      | Killed Pikel
  2502 | D:4      | Reached skill level 5 in Fighting
  2502 | D:4      | Reached skill level 5 in Staves
  2502 | D:4      | Reached skill level 5 in Armour
  2502 | D:4      | Reached skill level 6 in Shields
  2502 | D:4      | Reached XP level 8. HP: 16/56 MP: 8/8
  2976 | D:4      | Reached *** piety under Hepliaklqana
  3026 | D:5      | Entered Level 5 of the Dungeon
  3266 | D:5      | Noticed Prince Ribbit
  3273 | D:5      | Killed Prince Ribbit
  3274 | D:5      | Reached skill level 7 in Shields
  3293 | D:5      | Reached XP level 9. HP: 58/62 MP: 9/9
  4393 | D:6      | Reached skill level 8 in Shields
  4847 | D:6      | Reached **** piety under Hepliaklqana
  4978 | D:6      | Found a basalt altar of Yredelemnul.
  4989 | D:6      | Reached XP level 10. HP: 55/71 MP: 10/10
  5405 | D:7      | Found a shadowy altar of Dithmenos.
  5507 | D:7      | Reached skill level 9 in Shields
  5836 | D:7      | Found a staircase to the Ecumenical Temple.
  5947 | D:7      | Found a bloodstained altar of Trog.
  5953 | D:7      | Identified the +10 chain mail of Quiet Fog {Rampage Dex+3
                  | Slay-5}
  6106 | D:7      | Found a shimmering blue altar of Sif Muna.
  6418 | D:8      | You fall into a shaft and drop 3 floors!
  6462 | D:11     | Noticed a two-headed ogre
  6469 | D:10     | Entered Level 10 of the Dungeon
  6597 | D:10     | Found an opulent altar of Gozag.
  6651 | D:10     | Reached skill level 10 in Shields
  6654 | D:10     | Reached XP level 11. HP: 65/78 MP: 11/11
  6912 | D:10     | Reached XP level 12. HP: 62/84 MP: 12/12
  7016 | D:10     | Identified the +2 whip of the Hairy God {freeze, rF++ rCorr
                  | SInv Stlth-}
  7050 | D:9      | Noticed a two-headed ogre
  7054 | D:9      | Killed a two-headed ogre
  7376 | D:1      | Bought the +7 lajatang of Order {silver, rMut} for 626 gold
                  | pieces
  7376 | D:1      | Found the +7 lajatang of Order {silver, rMut}
  7656 | D:8      | Found an ornate altar of the Wu Jian Council.
  7656 | D:8      | Found a hide-covered altar of Uskayaw.
  7657 | D:8      | Found a snail-covered altar of Cheibriados.
  8362 | D:9      | Reached skill level 1 in Invocations
  8388 | D:9      | Reached ***** piety under Hepliaklqana
  8559 | D:10     | Found a staircase to the Orcish Mines.
  9336 | D:11     | Identified the +4 hand axe "Newt's Peril" {protect, Will+}
  9377 | D:11     | Killed a two-headed ogre
  9399 | D:11     | Noticed a boulder beetle
  9427 | D:11     | Killed a boulder beetle
  9634 | D:11     | Noticed a rakshasa
  9636 | D:11     | Found a runed translucent gate.
  9636 | D:11     | Found a runed translucent gate.
  9636 | D:11     | Found a runed translucent gate.
  9636 | D:11     | Noticed Newt's ghost (novice DsGl)
  9653 | D:11     | Killed a rakshasa
  9658 | D:11     | Noticed a tengu warrior
  9672 | D:11     | Killed a tengu warrior
  9673 | D:11     | Reached skill level 11 in Shields
  9871 | D:11     | Found a staircase to the Lair.
 10210 | Lair:1   | Entered Level 1 of the Lair of Beasts
 10470 | Lair:1   | Noticed Erica
 10481 | Lair:1   | Killed Erica
 10488 | Lair:1   | Noticed Gastronok
 10507 | Lair:1   | Noticed Amaemon
 10514 | Lair:1   | Reached XP level 13. HP: 90/90 MP: 15/15
 10518 | Lair:1   | Killed Amaemon
 10535 | Lair:1   | Noticed Maggie
 10555 | Lair:1   | Killed Maggie
 10740 | Lair:1   | Killed Gastronok
 10741 | Lair:1   | Reached skill level 15 in Staves
 10747 | Lair:1   | Reached skill level 10 in Fighting
 10796 | Lair:1   | Reached skill level 5 in Invocations
 10807 | Lair:1   | Reached skill level 10 in Armour
 11549 | Lair:2   | Reached skill level 12 in Shields
 11662 | Lair:2   | Reached skill level 1 in Dodging
 12463 | Lair:3   | Found a staircase to the Shoals.
 12640 | Lair:3   | Found a staircase to the Snake Pit.
 12685 | Lair:3   | Reached XP level 14. HP: 99/99 MP: 18/18
 13225 | Lair:4   | Reached skill level 1 in Throwing
 13674 | Lair:4   | Found a staircase to the Slime Pits.
 13677 | Lair:4   | Reached ****** piety under Hepliaklqana
 14321 | Lair:5   | Entered Level 5 of the Lair of Beasts
 14322 | Lair:5   | Upgraded the game from 0.30-a0-715-gdb4ae3ece1 to
                  | 0.30-a0-718-geaa24f58ff
 14379 | Lair:5   | Reached skill level 13 in Shields
 15339 | Lair:5   | Reached skill level 5 in Throwing
 15663 | Lair:5   | Upgraded the game from 0.30-a0-718-geaa24f58ff to
                  | 0.30-a0-719-gcc4359ea44
 15729 | Lair:5   | Reached XP level 15. HP: 83/107 MP: 21/21
 15848 | Lair:5   | Upgraded the game from 0.30-a0-719-gcc4359ea44 to
                  | 0.30-a0-722-g3e6e8c874d
 16854 | Lair:5   | Found a corrupted altar of Lugonu.
 16854 | Lair:5   | Found a one-way gate to the infinite horrors of the Abyss.
 17243 | Orc:1    | Entered Level 1 of the Orcish Mines
 17382 | Orc:1    | Reached skill level 5 in Dodging
 17417 | Orc:1    | Reached skill level 14 in Shields
 17676 | Orc:1    | Found a large runed translucent door.
 17677 | Orc:1    | Found a large runed translucent door.
 17691 | Orc:1    | Noticed sirJeffrey23's ghost (journeyman DrEE)
 17978 | Orc:2    | Entered Level 2 of the Orcish Mines
 17978 | Orc:2    | Found a staircase to the Elven Halls.
 18331 | D:4      | Bought the +2 shield of Resistance {rF++ rC++ Will++} for
                  | 705 gold pieces
 18331 | D:4      | Found the +2 shield of Resistance {rF++ rC++ Will++}
 18436 | D:6      | Found a blossoming altar of Fedhas.
 18436 | D:6      | Found a glowing silver altar of Zin.
 19074 | D:12     | Found an ornate altar of the Wu Jian Council.
 19942 | D:13     | Reached XP level 16. HP: 115/115 MP: 22/22
 20477 | D:14     | Noticed Snorg
 20487 | D:14     | Killed Snorg
 20546 | D:14     | Noticed Roxanne
 20578 | D:14     | Killed Roxanne
 20992 | D:14     | Identified a scroll of acquirement
 20995 | D:14     | Acquired 1220 gold pieces
 21024 | D:14     | Found a gate to the Vaults.
 21036 | D:14     | Reached skill level 15 in Shields
 21553 | D:15     | Entered Level 15 of the Dungeon
 21617 | D:15     | Reached skill level 10 in Throwing
 22070 | D:15     | Found Askedes's Jewellery Boutique.
 22754 | D:15     | Found a staircase to the Depths.
 23121 | Snake:1  | Entered Level 1 of the Snake Pit
 23466 | Snake:1  | Reached XP level 17. HP: 90/123 MP: 23/23
 24209 | Shoals:1 | Entered Level 1 of the Shoals
 24529 | Shoals:1 | Identified the +8 scale mail "Suamyh" {Harm +Blink rN++
                  | Str-4}
 25118 | Shoals:1 | Reached skill level 16 in Shields
 25331 | Shoals:2 | Noticed Polyphemus
 25461 | Shoals:2 | Killed Polyphemus
 26587 | Shoals:3 | Identified the +8 mace "Licuoc" {vamp, Str+3}
 27040 | Shoals:4 | Entered Level 4 of the Shoals
 27447 | Snake:1  | Reached XP level 18. HP: 124/131 MP: 24/24
 28430 | Snake:2  | Found Romofei's Armour Shoppe.
 28433 | Snake:2  | Found Qosamen's Magic Scroll Emporium.
 28433 | Snake:2  | Found Toen's Jewellery Shoppe.
 28437 | Snake:2  | Found Ohuqea's Assorted Antiques.
 28444 | Snake:2  | Bought an opal ring for 160 gold pieces
 28448 | Snake:2  | Bought the brooch of Shielding {Spirit SH+8} for 1235 gold
                  | pieces
 28448 | Snake:2  | Found the brooch of Shielding {Spirit SH+8}
 29323 | Snake:3  | Reached skill level 17 in Shields
 29409 | Snake:3  | Noticed Aizul
 29424 | Snake:3  | Killed Aizul
 31054 | Orc:2    | Reached skill level 15 in Armour
 31082 | Orc:2    | Found Laoc Zea's General Store.
 31091 | Orc:2    | Found Xettiriu's General Store.
 31096 | Orc:2    | Found Decoheb's Jewellery Emporium.
 31103 | Orc:2    | Found Becvul's Jewellery Boutique.
 31153 | Orc:2    | Bought a scroll of brand weapon for 114 gold pieces
 31563 | Orc:2    | Bought the amulet of Crawling {Spirit rElec rF+ rN++} for
                  | 799 gold pieces
 32027 | Elf:1    | Entered Level 1 of the Elven Halls
 32282 | Elf:1    | Found a runed translucent gate.
 32282 | Elf:1    | Found a runed translucent gate.
 32282 | Elf:1    | Found a runed translucent gate.
 32286 | Elf:1    | Noticed Myfaogiy's ghost (adept MiFi)
 32356 | Elf:1    | Identified the +4 trident of Geschacsa {heavy, Drain Fly
                  | rElec Will+++}
 32389 | Elf:1    | Noticed a Hell Sentinel
 32503 | Elf:1    | Got Madyidgh's Catalogue of Calling
 32769 | Elf:1    | Identified the ring "Xaog Xuu" {Fire Dex+7}
 32770 | Elf:1    | Identified the ring "Atoschouc" {MP+9 Int+3}
 32842 | Elf:1    | Reached skill level 15 in Fighting
 32842 | Elf:1    | Reached XP level 19. HP: 139/139 MP: 25/25
 33162 | Elf:2    | Identified the +0 pair of gloves of Paocaovi {Contam rElec
                  | rN+ Dex+3}
 33273 | Elf:2    | Noticed Asterion
 33352 | Elf:2    | Killed Asterion
 33605 | Elf:2    | Found a runed translucent gate.
 33605 | Elf:2    | Found a runed translucent gate.
 33610 | Elf:2    | Found a runed translucent gate.
 34096 | Elf:2    | Reached skill level 18 in Shields
 34251 | Elf:2    | Reached skill level 15 in Throwing
 34603 | Elf:3    | Entered Level 3 of the Elven Halls
 34983 | Elf:3    | Identified the ring "Hoschala" {rElec rC+ Str+2}
 35569 | Snake:4  | Entered Level 4 of the Snake Pit
 35806 | Snake:4  | Got Sif Muna's Incunable of Sculpting and the Stinger
 36017 | Snake:4  | Reached XP level 20. HP: 111/147 MP: 17/26
 36652 | Lair:5   | Voluntarily entered the Abyss.
 36883 | Abyss:1  | Found a corrupted altar of Lugonu.
 36919 | Abyss:2  | Found a corrupted altar of Lugonu.
 36921 | Abyss:3  | Found a sparkling altar of Nemelex Xobeh.
 36921 | Abyss:3  | Found a bloodstained altar of Trog.
 36921 | Abyss:3  | Found an opulent altar of Gozag.
 36921 | Abyss:3  | Found a hide-covered altar of Uskayaw.
 36921 | Abyss:3  | Found a shadowy altar of Dithmenos.
 36921 | Abyss:3  | Found a stormy altar of Qazlal.
 36921 | Abyss:3  | Found a hazy altar of Hepliaklqana.
 36921 | Abyss:3  | Found a glowing golden altar of the Shining One.
 36921 | Abyss:3  | Found a shimmering altar of Xom.
 36921 | Abyss:3  | Found a burning altar of Makhleb.
 36921 | Abyss:3  | Found a blossoming altar of Fedhas.
 36921 | Abyss:3  | Found an ancient bone altar of Kikubaaqudgha.
 36921 | Abyss:3  | Found a snail-covered altar of Cheibriados.
 36921 | Abyss:3  | Found an iron altar of Okawaru.
 36921 | Abyss:3  | Found a basalt altar of Yredelemnul.
 36921 | Abyss:3  | Found a glowing silver altar of Zin.
 36921 | Abyss:3  | Found a white marble altar of Elyvilon.
 36921 | Abyss:3  | Found a radiant altar of Vehumet.
 36921 | Abyss:3  | Found a shimmering blue altar of Sif Muna.
 36921 | Abyss:3  | Found a shadowy altar of Dithmenos.
 36921 | Abyss:3  | Found a broken altar of Ashenzari.
 37011 | Abyss:3  | Noticed a bone dragon
 37056 | Abyss:3  | Found a runed translucent gate.
 37057 | Abyss:3  | Found a runed translucent gate.
 37058 | Abyss:3  | Found a runed translucent gate.
 37199 | Abyss:3  | Reached skill level 19 in Shields
 37303 | Abyss:3  | Noticed a Hell Sentinel
 37319 | Abyss:3  | Killed a Hell Sentinel
 37492 | Abyss:3  | Got an abyssal rune of Zot
 37686 | Abyss:3  | Found a corrupted altar of Lugonu.
 37778 | Abyss:3  | Noticed a profane servitor
 37805 | Abyss:3  | Killed a profane servitor
 37980 | Lair:5   | Escaped the Abyss
 38838 | Shoals:4 | Reached XP level 21. HP: 108/154 MP: 19/27
 39384 | Shoals:4 | Got a barnacled rune of Zot
 39740 | Shoals:4 | Found Ejiute Apoa's Assorted Antiques.
 39750 | Shoals:4 | Bought a potion of heal wounds for 130 gold pieces
 39750 | Shoals:4 | Bought a potion of heal wounds for 130 gold pieces
 39750 | Shoals:4 | Bought a potion of heal wounds for 130 gold pieces
 39782 | Shoals:4 | Noticed Nikola
 39790 | Shoals:4 | Killed Nikola
 39812 | Shoals:4 | Reached skill level 20 in Shields
 39933 | Shoals:4 | Identified the +0 robe "Doczegipp" {Rampage *Corrode rElec
                  | rC+}
 40127 | Shoals:4 | Identified the +4 short sword "Spider's Foe" {flame, Str+5}
 40252 | Shoals:4 | Got Total Understanding of Spellweaving
 40701 | Vaults:1 | Entered Level 1 of the Vaults
 40840 | Vaults:1 | Found a magical portal.
 40889 | Vaults:1 | Found Iplifoh's General Store.
 41023 | WizLab   | Entered Tukima's Studio
 41184 | WizLab   | Slain by a rakshasa

Illustrated notes

Levels and vault maps discovered:
D:1:      minmay_arrival_five_plusses, layout_rooms, serial_shops,
          nicolae_shop_bloodbath_and_beyond,
          hellmonk_ecumenical_altar_pennies_from_heaven, minmay_pentomino_s2
D:2:      layout_loops_ring
D:3:      layout_basic, serial_shops, shop, lightli_corner_chamber
D:4:      layout_basic, minmay_shop_grid_forest, minmay_fire_ice_demons,
          uniq_pikel
D:5:      layout_rooms, columned_hall_lemuel, item_on_display_a,
          uniq_prince_ribbit1
D:6:      layout_loops_corners, nicolae_yredelemnul_corpse_copse,
          nicolae_overflow_hidden_temple
D:7:      layout_loops_ring, mainiacjoe_overflow_concentric_impassable,
          kennysheep_little_box, general_overflow_altar,
          minmay_temple_entry_statues_fountains
D:8:      layout_rooms, grunt_temple_overflow_open,
          hangedman_decor_diamond_cutter
D:9:      layout_gridville
D:10:     layout_cave_pods, grunt_gozag_breadcrumbs, david_orc_3,
          amethyst_killhole
D:11:     layout_rooms, lair_entry_dummy, gammafunk_ghost_nasty_kobolds
D:12:     layout_basic, minmay_misc_feat_encased, drop_trap,
          nicolae_wu_jian_wuxing_cycle
D:13:     layout_cave_pools
D:14:     layout_rooms, erik_vaults_2, hangedman_abyss_or_decor_clamps,
          uniq_roxanne, uniq_snorg
D:15:     grunt_enter_depths_magical_seal, layout_cave_pods, serial_shops,
          shop_statue
Lair:1:   layout_roguey, uniq_gastronok, uniq_maggie, uniq_amaemon, uniq_erica
Lair:2:   layout_small_grid
Lair:3:   layout_big_grid, elwin_shoals_entry_stream,
          guppyfry_snake_entry_island
Lair:4:   layout_layer_cave, nicolae_slime_entry_field_trip, st_stairs_9,
          grunt_forest_large_clearings
Lair:5:   hellmonk_lair_end_abyssal_woods, layout_cellular_growth, wad_woods_01
Shoals:1: layout_shoals
Shoals:2: layout_shoals, uniq_polyphemus
Shoals:3: layout_shoals
Shoals:4: shoals_end_grunt_garden, layout_shoals, serial_shops,
          nicolae_shop_stone, uniq_nikola
Snake:1:  layout_onion_interference
Snake:2:  layout_chambers, drop_trap, grunt_ministairs_13, minmay_shoptagon
Snake:3:  layout_layer_cave, uniq_aizul
Snake:4:  snake_pit, layout_onion, serial_bayou_shore_a
Orc:1:    layout_caves, special_room [special_room_orc],
          ebering_ghost_disaster_area
Orc:2:    st_orc_open, layout_caves, basic_altar
Elf:1:    minmay_elf_arrival_plus, layout_loops_corners, gammafunk_ghost_split,
          minmay_elf_demonology, ebering_dispersal_statue_hall
Elf:2:    elven_hall_of_blades_hangedman_original
          [nicolae_vaults_blade_armed_guards], layout_geoelf_grid, uniq_asterion
Elf:3:    minmay_elf_hall_four_x, layout_loops_cross, serial_shops,
          nicolae_square_shop, kennysheep_underground_church
Vaults:1: mu_enter_wizlab_4, hangedman_vaults_stretched_pinwheel,
          hangedman_vaults_stagger, v_alt_pattern_5, nicolae_vaults_asterisk,
          v_misc_18, vaults_room_boxed, grunt_vaults_funnel,
          ontoclasm_vaults_loading_screen, nicolae_vaults_mini_display_case,
          nicolae_vaults_shelves_hall, vaults_room_large_hall,
          layout_vaults_omnibox, serial_shops, shop, shop, shop, shop,
          nicolae_lakefront_shop
WizLab:   wizlab_tukima

Skill      XL: |  1  2  3  4  5  6  7  8  9 10 11 12 13 14 15 16 17 18 19 20 21 |
---------------+----------------------------------------------------------------+-----
Staves         | 1 2 3 5 6 8 9 13 14 15 | 15.4
Fighting       | 4 5 6 7 8 9 10 11 12 13 14 15 16 17 | 17.3
Armour         | 4 5 6 7 8 9 10 11 12 13 14 15 16 17 | 17.5
Shields        | 5 6 7 8 10 11 12 13 14 15 16 17 18 19 20 | 20.3
Invocations    | 3 6 8 |  8.0
Dodging        | 2 4 5 7 8 |  8.2
Throwing       | 5 8 10 12 14 15 17 18 | 18.1
Maces & Flails | |  2.6

Action                     |  1- 3 |  4- 6 |  7- 9 | 10-12 | 13-15 | 16-18 | 19-21 || total
---------------------------+-------+-------+-------+-------+-------+-------+-------++-------
  Melee: Flail             |   108 |   129 |   164 |    52 |       |       |       ||   453
         Morningstar       |       |       |       |   145 |       |       |       ||   145
         Mace              |       |       |       |     4 |       |       |       ||     4
         Lajatang          |       |       |       |   221 |   737 |   822 |   884 ||  2664
         Scimitar          |       |       |       |       |     1 |       |       ||     1
  Throw: Boomerang         |       |       |       |       |    40 |   140 |    63 ||   243
         Javelin           |       |       |       |       |       |     4 |     3 ||     7
 Invoke: Ancestor Identity |       |     1 |       |       |       |       |       ||     1
         Ancestor Life: He |       |     1 |       |       |       |       |       ||     1
         Recall Ancestor   |       |       |       |     1 |     1 |     2 |     3 ||     7
         Idealise          |       |       |       |       |       |       |     1 ||     1
Ability: Dig               |       |       |       |       |     1 |       |       ||     1
  Evoke: Wand              |       |       |       |       |     2 |     4 |     2 ||     8
    Use: Scroll            |       |     5 |       |    14 |     5 |     4 |     4 ||    32
         Potion            |       |       |       |     5 |     3 |     1 |    10 ||    19
   Stab: Confused          |       |     3 |     5 |     4 |     5 |     9 |    28 ||    54
         Distracted        |       |       |     2 |     2 |       |     7 |     9 ||    20
         Paralysed         |       |       |       |       |    28 |    55 |    35 ||   118
         Invisible         |       |       |       |       |       |       |     3 ||     3
 Armour: Scale mail        |    40 |    47 |    37 |    11 |       |       |       ||   135
         Chain mail        |       |       |       |   113 |   165 |   133 |   116 ||   527
  Dodge: Dodged            |    43 |    40 |    47 |   140 |   243 |   307 |   295 ||  1115
  Block: Buckler           |    35 |    44 |    82 |   237 |   324 |       |       ||   722
         Reflection        |       |       |     3 |     5 |     7 |    62 |       ||    77
         Kite shield       |       |       |       |       |    56 |   716 |   838 ||  1610

Table legend: (Time is in decaauts)
 A = Elapsed time spent in this place.
 B = Non-inter-level travel time spent in this place.
 C = Inter-level travel time spent in this place.
 D = Time resting spent in this place.
 E = Time spent auto-exploring this place.
 F = Levels seen in this place.
 G = Mean time per level.
                   A        B        C        D        E       F      G
               +--------+--------+--------+--------+--------+-----+--------+
         Total |  41052 |  35465 |   5587 |   4725 |  23010 |  38 | 1080.3 |
       Dungeon |  15862 |  13193 |   2669 |   1273 |   9194 |  15 | 1057.5 |
          Lair |   7818 |   6115 |   1703 |    991 |   3929 |   5 | 1563.6 |
        Shoals |   5412 |   4894 |    518 |   1165 |   2704 |   4 | 1353.0 |
     Snake Pit |   5244 |   4952 |    292 |    282 |   3890 |   4 | 1311.0 |
  Orcish Mines |   2025 |   1775 |    250 |    453 |    934 |   2 | 1012.5 |
   Elven Halls |   2997 |   2843 |    154 |    195 |   2126 |   3 |  999.0 |
        Vaults |    304 |    304 |      0 |     95 |      0 |   1 |  304.0 |
         Abyss |   1234 |   1234 |      0 |    176 |    231 |   3 |  411.3 |
        Wizlab |    153 |    153 |      0 |     95 |      0 |   1 |  153.0 |
               +--------+--------+--------+--------+--------+-----+--------+

Top non-repeatable levels by time:
  Lair:5: 2473 daAuts
Shoals:3: 2007 daAuts
 Snake:3: 1806 daAuts
    D:10: 1715 daAuts
     D:6: 1699 daAuts
  Lair:4: 1618 daAuts
    D:11: 1562 daAuts
 Snake:2: 1454 daAuts
Shoals:1: 1417 daAuts
   Elf:2: 1405 daAuts
  Lair:2: 1328 daAuts
 Snake:1: 1313 daAuts
   Orc:1: 1297 daAuts
     D:7: 1293 daAuts
  Lair:1: 1292 daAuts
